Map: Temple gelé

Players

zidar

  • Race: Zerg Zerg
  • League: Platinum
  • Spawn Location: 11:00

crazygirl - Winner!

  • Race: Protoss Protoss
  • Spawn Location: 5:00

VOD

Have the link to the VOD?

Description

Time

  • Played on: Oct. 8, 2016, 11:34 a.m.
  • Length: 3:11
Show
View Real Time Build Order
Export as new Build Order

zidar Zerg 

Build Orders: Pool Only 

Get SALT Encoding   

  12  0:01  Drone  
  13  0:12  Overlord  
  13  0:17  Drone  
  14  0:30  Drone x2  
  16  0:43  Spawning Pool  
  16  0:45  Drone  
  16  1:05  Drone x2  
  14  2:02  Extractor  
  14  2:07  Roach Warren  
  12  2:09  Queen  
  14  2:25  Drone x3  
  14  2:26  Extractor  
  16  2:41  Zergling x2  
Show
View Real Time Build Order
Export as new Build Order

crazygirl Protoss - Winner!

Build Orders: Cannon Rush 

Get SALT Encoding   

  12  0:01  Probe (Chrono Boost)  
  13  0:11  Probe (Chrono Boost)  
  14  0:19  Pylon  
  14  0:30  Probe (Chrono Boost)  
  15  0:40  Forge  
  15  0:41  Probe (Chrono Boost)  
  16  0:51  Pylon  
  16  1:16  Photon Cannon  
  16  1:17  Photon Cannon  
  16  1:18  Pylon  
  16  1:27  Pylon  
  16  1:42  Probe (Chrono Boost)  
  17  1:52  Probe (Chrono Boost)  
  18  1:54  Photon Cannon  
  18  1:55  Pylon  
  18  2:03  Probe (Chrono Boost)  
  19  2:12  Gateway  
  19  2:26  Probe (Chrono Boost)  
  20  2:36  Probe (Chrono Boost)  
  21  2:45  Assimilator  
  21  2:47  Probe (Chrono Boost)  
  21  2:49  Assimilator  
  22  2:57  Probe (Chrono Boost)  
Tags
 
Add a new tag
Caveats
  • Supply blocks, unpowered buildings, or Contaminate may cause inaccurate times.
  • Supply counts are checked every 10 seconds.